 Dungeon Crawl Stone Soup version 0.30-a0-793-g160f7cfddd (webtiles) character file.

Game seed: 16057190616263354191

71 kingofthe the Conjurer (level 4, 0/24 HPs)
             Began as a Deep Elf Conjurer on Feb 20, 2023.
             Slain by an orc priest
             ... wielding a +0 mace of protection
              (9 damage)
             ... on level 3 of the Dungeon.
             The game lasted 00:03:19 (2069 turns).

kingofthe the Conjurer (Deep Elf Conjurer)          Turns: 2069, Time: 00:03:20

Health: 0/24       AC:  2    Str:  6    XL:     4   Next: 5%
Magic:  1/12       EV: 13    Int: 23    God:
Gold:   113        SH:  0    Dex: 15    Spells: 8/11 levels left

rFire   . . .      SeeInvis .    l - +4 dagger of the Genius {flame, rElec rC+ rN+ Str+2}
rCold   + . .      Faith    .    (no shield)
rNeg    + . .      Spirit   .    a - +0 robe
rPois   .          Reflect  .    (no helmet)
rElec   +          Harm     .    (no cloak)
rCorr   +          Rampage  .    (no gloves)
Will    .....                    (no boots)
Stlth   ++                       (no amulet)
HPRegen 0.24/turn                R - ring of resist corrosion
MPRegen 0.13/turn                Z - ring of wizardry

@: lethally poisoned (0 -> -1)
A: no striking features
a: no special abilities


You were on level 3 of the Dungeon.
You visited 1 branch of the dungeon, and saw 3 of its levels.

You collected 113 gold pieces.


   Skills:
 * Level 3.4 Dodging
 + Level 3.0 Stealth
 + Level 4.3 Spellcasting
 * Level 4.8 Conjurations


You had 8 spell levels left.
You knew the following spells:

 Your Spells              Type           Power      Damage    Failure   Level
a - Magic Dart            Conj           100%       1d8       1%          1
b - Searing Ray           Conj           54%        2d6       1%          2

Your spell library contained the following spells:

 Spells                   Type           Power      Damage    Failure   Level
 Dazzling Flash           Conj/Hex       32%        N/A       4%          3
 Fulminant Prism          Conj/Hex       8%         3d6       16%         4
 Iskenderun's Mystic Bla  Conj/Tloc      16%        2d5       16%         4

Inventory:

Hand Weapons
 l - the +4 dagger of the Genius (weapon) {flame, rElec rC+ rN+ Str+2}
   (You found it on level 2 of the Dungeon)

   Str:       It affects your strength (+2).
   rC:        It protects you from cold.
   rElec:     It insulates you from electricity.
   rN:        It protects you from negative energy.
Armour
 a - a +0 robe (worn)
Jewellery
 R - a ring of resist corrosion (left hand)
 Z - a ring of wizardry (right hand)
Scrolls
 c - 6 scrolls of identify {unknown}
 e - a scroll of enchant armour {unknown}
 f - a scroll of vulnerability {unknown}
 g - a scroll of immolation {unknown}
Potions
 b - a potion of magic
 d - a potion of berserk rage {unknown}
 h - a potion of heal wounds {unknown}
 i - 2 potions of might {unknown}
 j - a potion of attraction {unknown}
 k - a potion of curing {unknown}

Dungeon Overview and Level Annotations

Branches:
Dungeon (3/15)

Altars:

####
#).
#o#
#@#
###


You could see an orc priest.


Message History

You feel sick. The orc closely misses you.
You take 1 damage, and have 14/19 hp.
You now have 4/10 mp.
The searing ray hits the orc.
The orc is almost dead.
The searing ray hits the orc.
The orc is severely wounded.
You finish channelling your searing ray.
You feel sick. The orc hits you with a +0 short sword.
* * * LOW HITPOINT WARNING * * *
You take 5 damage, and have 9/19 hp.
MASSIVE DAMAGE!!
You now have 3/10 mp.
Casting: Searing Ray (safe; 1% risk of failure)
Confirm with . or Enter, or press ? or * to list all spells.
Aiming: Searing Ray (safe; 1% risk of failure)
Press: ? - help, Shift-Dir - straight line, f - orc
Aim: an orc, wielding a +0 short sword and wearing a +0 leather armour (almost dead, 79% to hit)
The searing ray misses the orc.
The searing ray hits the orc!
You kill the orc! (Press . to maintain the ray.)
You feel sick. The orc closely misses you.
You have reached level 4!
You feel clever.
You regained 2 hp, and now have 11/24 hp.
You now have 1/12 mp.
The searing ray hits the orc.
You kill the orc!
You feel sick.
You take 1 damage, and have 10/24 hp.
You now have 0/12 mp.
Without enough magic to sustain it, your searing ray dissipates.
You feel sick.
The orc priest hits you with a +0 mace of protection!
You die...

Skill      XL: |  1  2  3 |
---------------+----------+-----
Spellcasting   | 4 |  4.3
Dodging        | 3 |  3.4
Stealth        | 3 |  3.0
Conjurations   | |  4.8

Action                     |  1- 3 |  4- 6 || total
---------------------------+-------+-------++-------
  Melee: Unarmed           |     4 |       ||     4
   Cast: Magic Dart        |    69 |       ||    69
         Searing Ray       |     8 |       ||     8
 Armour: Robe              |     1 |       ||     1
  Dodge: Dodged            |    12 |       ||    12

Levels and vault maps discovered:
D:1:      matt_arrival_grand_opening, layout_basic,
          ebering_ecumenical_altar_hall, minmay_cut_off
D:2:      layout_loops_ring
D:3:      layout_basic, gammafunk_ghost_cemetery, small_statue_intersection,
          uniq_grinder

Notes
Turn   | Place    | Note
-------+----------+-------------------------------------------
     0 | D:1      | kingofthe the Deep Elf Conjurer began the quest for the
                  | Orb.
     0 | D:1      | Reached XP level 1. HP: 10/10 MP: 6/6
   315 | D:1      | Reached skill level 4 in Spellcasting
   315 | D:1      | Reached XP level 2. HP: 15/15 MP: 7/9
   841 | D:1      | Learned a level 2 spell: Searing Ray
  1021 | D:1      | Reached XP level 3. HP: 19/19 MP: 7/10
  1045 | D:1      | Found a faded altar of an unknown god.
  1239 | D:2      | Reached skill level 3 in Dodging
  1767 | D:2      | Identified the +4 dagger of the Genius {flame, rElec rC+
                  | rN+ Str+2}
  2065 | D:3      | Reached skill level 3 in Stealth
  2068 | D:3      | Reached XP level 4. HP: 11/24 MP: 1/12
  2069 | D:3      | Slain by an orc priest

Vanquished Creatures
  2 adders
  A dart slug (D:2)
  2 worms (D:2)
  2 orcs (D:3)
  4 ball pythons
  4 endoplasms
  A giant cockroach (D:2)
  6 goblins
  A hobgoblin (D:1)
  3 jackals (D:1)
  5 kobolds (D:1)
  3 quokkas (D:1)
  2 frilled lizards (D:1)
  5 rats
41 creatures vanquished.

Table legend: (Time is in decaauts)
 A = Elapsed time spent in this place.
 B = Non-inter-level travel time spent in this place.
 C = Inter-level travel time spent in this place.
 D = Time resting spent in this place.
 E = Time spent auto-exploring this place.
 F = Levels seen in this place.
 G = Mean time per level.
                   A        B        C        D        E       F      G
               +--------+--------+--------+--------+--------+-----+--------+
         Total |   2067 |   1996 |     71 |      0 |   1803 |   3 |  689.0 |
       Dungeon |   2067 |   1996 |     71 |      0 |   1803 |   3 |  689.0 |
               +--------+--------+--------+--------+--------+-----+--------+

Top non-repeatable levels by time:
     D:1: 1224 daAuts
     D:2: 834 daAuts
     D:3: 7 daAuts

Table legend:
 A = Non-vault XP
 B = Vault XP
 C = Vault XP percentage of total XP
 D = Non-vault monster count
 E = Vault monster count
 F = Vault count percentage of total count
                 A         B        C        D         E       F
            +---------+---------+-------+---------+---------+-------
      Total |      98 |       4 |   3.9 |      39 |       2 |   4.9
            +---------+---------+-------+---------+---------+-------
        D:1 |      43 |       4 |   8.5 |      26 |       2 |   7.1
        D:2 |      36 |       0 |   0.0 |      10 |       0 |   0.0
        D:3 |      19 |       0 |   0.0 |       3 |       0 |   0.0
            +---------+---------+-------+---------+---------+-------
